 Dungeon Crawl Stone Soup version 0.31-a0-236-g9a0961fb85 (webtiles) character file.

Game seed: 1716847694000041127

333 qw the Shooter (level 6, -1/53 HPs)
             Began as a Minotaur Hexslinger on July 10, 2023.
             Was an Initiate of Okawaru.
             Succumbed to a scorpion's poison
             ... on level 4 of the Dungeon.
             The game lasted 00:01:17 (4159 turns).

qw the Shooter (Minotaur Hexslinger)                Turns: 4159, Time: 00:01:17

Health: -1/53      AC:  3    Str: 12    XL:     6   Next: 27%
Magic:  6/6        EV: 12    Int: 10    God:    Okawaru [......]
Gold:   147        SH:  0    Dex: 15    Spells: 6/7 levels left

rFire   . . .        Y - +1 sling
rCold   . . .        (no shield)
rNeg    . . .        e - +0 leather armour
rPois   .            (helmet restricted)
rElec   .            (no cloak)
rCorr   .            (no gloves)
SInv    .            (no boots)
Will    .....        (no amulet)
Stlth   +            (no ring)
HPRegen 0.28/turn    (no ring)
MPRegen 0.10/turn

%: no passive effects
@: lethally poisoned (-1 -> -25)
A: horns 2, retaliatory headbutt
a: Renounce Religion


You were on level 4 of the Dungeon.
You worshipped Okawaru.
Okawaru was noncommittal.
You visited 2 branches of the dungeon, and saw 6 of its levels.

You collected 147 gold pieces.


Innate Abilities, Weirdness & Mutations

You have a pair of horns on your head.
You reflexively headbutt those who attack you in melee.


   Skills:
 - Level 4.3 Fighting
 + Level 6.2 Ranged Weapons
 - Level 2.1 Dodging
 - Level 1.0 Spellcasting
 - Level 2.0 Hexes


You had 6 spell levels left.
You knew the following spells:

 Your Spells              Type           Power      Damage    Failure   Level
a - Slow                  Hex            16%        N/A       19%         1

Your spell library contained the following spells:

 Spells                   Type           Power      Damage    Failure   Level
 Inner Flame              Hex/Fire       2%         N/A       65%         3
 Portal Projectile        Hex/Tloc       4%         N/A       65%         3
 Cause Fear               Hex            2%         N/A       88%         4

Inventory:

Hand Weapons
 Y - a +1 sling (weapon)
Armour
 e - a +0 leather armour (worn)
Scrolls
 a - 2 scrolls of identify
Potions
 f - 3 potions of curing
 g - 2 potions of enlightenment

Dungeon Overview and Level Annotations

Branches:
Dungeon (5/15)             Temple (1/1) D:4

Altars:
Ashenzari
Cheibriados
Dithmenos
Elyvilon
Fedhas
Hepliaklqana
Nemelex Xobeh
Okawaru
Qazlal
Ru
Sif Muna
Trog
Uskayaw
Vehumet
Wu Jian
Xom
Yredelemnul
Zin
The Shining One

Annotations:
D:3 1 runed translucent door, Crazy Yiuf


Message History

You shoot a sling bullet. The sling bullet hits the jelly.
The jelly is heavily wounded.
The scorpion barely misses you.
You shoot a sling bullet. The sling bullet hits the jelly.
The jelly is almost dead.
The scorpion stings you.
You are poisoned.
The scorpion poisons you! The jelly hits you.
You are splashed with acid!
4153 ||| STAIRDANCE You feel sick.
The scorpion misses you. The jelly hits you but does no damage.
You climb upwards.
You feel sick.
There is a stone staircase leading down here.
You shoot a sling bullet.
The sling bullet hits the jelly but does no damage.
The jelly is almost dead.
You feel sick. The scorpion stings you.
You are more poisoned.
The scorpion poisons you! The jelly hits you.
You are splashed with acid!
The scorpion misses you.
You shoot a sling bullet. The sling bullet hits the jelly.
You kill the jelly!
Okawaru accepts your kill.
You feel very sick. The scorpion stings you.
You are lethally poisoned!
The scorpion poisons you!
You shoot a sling bullet.
The sling bullet closely misses the scorpion.
You feel very sick. The scorpion stings you.
You shoot a sling bullet. The sling bullet hits the scorpion.
The scorpion is lightly wounded.
You feel very sick. The scorpion stings you.
You are more poisoned.
The scorpion poisons you! The scorpion barely misses you.
You shoot a sling bullet.
The sling bullet hits the scorpion but does no damage.
The scorpion is lightly wounded.
You die...

########................#...#.
####.......................#'###.
...........#############'#.......
...........#....#........#.......
...........#....#........#.......
...........'....#........#.......
...........##'#########..#.......
#####......#...###...##..###....(
....+......#...s@....>.....#.....
....#......#...#...........#.....
....#......#...#..[........+.....
....#......#...#...........#.....
##..#......##'############+#?....
##..##.....#...##....#.......#'##
.....#.....'...#.....#.......#...
.....#.....#...'.....#..?....'...
.....#.....#...#.....#.......#...


You could see a scorpion.

Vanquished Creatures
  A black bear (D:4)
  A hound (D:4)
  A jelly (D:4)
  2 iguanas (D:4)
  5 adders
  4 dart slugs
  5 orcs (D:3)
  6 endoplasms
  A giant cockroach (D:4)
  A goblin (D:2)
  6 hobgoblins
  4 jackals (D:2)
  4 quokkas
  8 ball pythons
  8 bats
  11 frilled lizards
  8 kobolds
  8 rats
84 creatures vanquished.

Notes
Turn   | Place    | Note
-------+----------+-------------------------------------------
     0 | D:1      | qw the Minotaur Hexslinger began the quest for the Orb.
     0 | D:1      | Reached XP level 1. HP: 16/16 MP: 1/1
     0 | D:1      | 0 ||| qw: Version: 0.3-a-52-g30416fa
     0 | D:1      | 0 ||| qw: Game counter: 4907
     0 | D:1      | 0 ||| qw: Melee chars always use a shield: true
     0 | D:1      | 0 ||| qw: God list: Okawaru
     0 | D:1      | 0 ||| qw: Allow faded altars: false
     0 | D:1      | 0 ||| qw: Do Orc after clearing Dungeon:15 true
     0 | D:1      | 0 ||| qw: Do second Lair branch before Depths: true
     0 | D:1      | 0 ||| qw: Lair rune preference: random
     0 | D:1      | 0 ||| qw: Goals: Normal
     0 | D:1      | 0 ||| PLANNING D:1-11
   141 | D:1      | Reached skill level 3 in Ranged Weapons
   199 | D:1      | Reached XP level 2. HP: 23/23 MP: 2/2
   625 | D:1      | Found a faded altar of an unknown god.
   779 | D:1      | 779 ||| UPGRADING to +0 leather armour.
   789 | D:1      | 789 ||| DROPPING +0 robe.
   790 | D:1      | 790 ||| READING 2 scrolls labelled MUKUKI AJIV.
   791 | D:1      | 791 ||| READING scroll labelled IPRUWEOMIE.
   792 | D:1      | 792 ||| DRINKING 2 glowing ruby potions.
   793 | D:1      | 793 ||| DROPPING scroll of poison.
  1008 | D:2      | Reached XP level 3. HP: 26/29 MP: 3/3
  1137 | D:2      | Found a broken altar of Ashenzari.
  1457 | D:2      | Reached skill level 4 in Ranged Weapons
  1695 | D:2      | 1695 ||| READING 2 scrolls labelled QUOTWIG PEDI.
  1696 | D:2      | 1696 ||| READING scroll labelled ILAUJI EPLUBB.
  1697 | D:2      | 1697 ||| READING scroll labelled ZYSEVE TOTUMN.
  1698 | D:2      | 1698 ||| DROPPING scroll of fog.
  2007 | D:3      | Reached XP level 4. HP: 36/36 MP: 4/4
  2307 | D:3      | Found a hide-covered altar of Uskayaw.
  2662 | D:3      | Found a runed translucent door.
  2663 | D:3      | Noticed Crazy Yiuf
  2687 | D:3      | Reached skill level 5 in Ranged Weapons
  2897 | D:3      | 2897 ||| READING scroll labelled VAMASU FANWUPU.
  2966 | D:3      | 2966 ||| DRINKING 2 golden potions.
  3049 | D:4      | Noticed a black bear
  3059 | D:4      | HP: 5/37 [black bear (12)]
  3059 | D:4      | HP: 2/37 [black bear (3)]
  3060 | D:4      | Killed a black bear
  3061 | D:4      | Reached XP level 5. HP: 3/47 MP: 5/5
  3516 | D:4      | Reached XP level 6. HP: 48/53 MP: 6/6
  3603 | D:4      | Found a staircase to the Ecumenical Temple.
  3604 | D:4      | 3604 ||| PLANNING TEMPLE
  3604 | D:4      | 3604 ||| READING scroll labelled NABLOD ORHIST.
  3605 | D:4      | 3605 ||| READING 2 scrolls of identify.
  3605 | D:4      | 3605 ||| IDENTIFYING fizzy clear potion
  3606 | D:4      | 3606 ||| DROPPING potion of berserk rage.
  3615 | Temple   | Entered the Ecumenical Temple
  3632 | Temple   | 3632 ||| PLANNING OKAWARU WORSHIP
  3776 | Temple   | Became a worshipper of Warmaster Okawaru
  3777 | Temple   | 3777 ||| PLANNING D:1-11
  3996 | D:4      | Reached skill level 6 in Ranged Weapons
  4148 | D:5      | Entered Level 5 of the Dungeon
  4153 | D:5      | 4153 ||| STAIRDANCE
  4157 | D:4      | HP: 10/53 [poisoned by a scorpion]
  4159 | D:4      | Succumbed to a scorpion's poison

Levels and vault maps discovered:
D:1:      amcnicky_arrival_abandoned_market, layout_basic,
          shapermc_ecumenical_altar_hornbeckon
D:2:      layout_basic, basic_altar, minmay_lizard_pond
D:3:      layout_basic, nicolae_uskayaw_dance_hall, nrook_mini_vaults,
          st_stairs_6, minmay_ruptured, uniq_crazy_yiuf_cottage
D:4:      layout_gridville, minmay_temple_entry_antechambers
D:5:      layout_basic, ebering_ghost_sewer_d, uniq_duvessa
Temple:   nicolae_temple_bog_church

Skill      XL: |  1  2  3  4  5  6 |
---------------+-------------------+-----
Ranged Weapons | 3 4 5 6 |  6.2
Fighting       | 2 4 |  4.3
Dodging        | |  2.1
Spellcasting   | |  1.0
Hexes          | |  2.0

Action                     |  1- 3 |  4- 6 || total
---------------------------+-------+-------++-------
   Fire: Sling             |   134 |   138 ||   272
    Use: Scroll            |     5 |     3 ||     8
         Potion            |     1 |     1 ||     2
 Armour: Robe              |     2 |       ||     2
         Leather armour    |    16 |    15 ||    31
  Dodge: Dodged            |    29 |    60 ||    89

Table legend:
 A = Non-vault XP
 B = Vault XP
 C = Vault XP percentage of total XP
 D = Non-vault monster count
 E = Vault monster count
 F = Vault count percentage of total count
                 A         B        C        D         E       F
            +---------+---------+-------+---------+---------+-------
      Total |     458 |      18 |   3.8 |      73 |      11 |  13.1
            +---------+---------+-------+---------+---------+-------
        D:1 |      30 |       0 |   0.0 |      20 |       0 |   0.0
        D:2 |      45 |       6 |  11.8 |      17 |       6 |  26.1
        D:3 |      46 |      12 |  20.7 |      21 |       5 |  19.2
        D:4 |     337 |       0 |   0.0 |      15 |       0 |   0.0
            +---------+---------+-------+---------+---------+-------
